 Dungeon Crawl Stone Soup version 0.25-a0-287-g56a5b49892 (webtiles) character file.

Game seed: 3153876890113901849, levelgen mode: deterministic

16439 worrywart the Cleaver (level 12, -4/103 HPs)
             Began as a Green Draconian Berserker on Dec 12, 2019.
             Was an Elder of Trog.
             Slain by a five-headed hydra (8 damage)
             ... on level 13 of the Dungeon.
             The game lasted 00:30:44 (12297 turns).

worrywart the Cleaver (Green Draconian Berserker)  Turns: 12297, Time: 00:30:44

Health: -4/103     AC:  6    Str: 25    XL:     12   Next: 10%
Magic:  0/12       EV: 18    Int:  9    God:    Trog [****..]
Gold:   842        SH: 17    Dex: 18    Spells: 11/11 levels left

rFire    . . .     SeeInvis .   F - +1 broad axe (flame)
rCold    . . .     Gourm    .   h - +0 shield
rNeg     . . .     Faith    .   (armour unavailable)
rPois    +         Spirit   +   (helmet restricted)
rElec    +         Reflect  +   q - scarf {Spirit}
rCorr    .         Harm     .   Q - +0 pair of gloves of Amelioration {rElec Stlth+}
MR       ++...                  s - +0 pair of boots
Stlth    +++.......             b - +5 amulet of reflection
HPRegen  0.27/turn              N - ring "Erghum" {*Corrode MR++ Str+6 Dex+3}
MPRegen  0.13/turn              A - +6 ring of slaying

@: corroded, very slightly contaminated, invisible
A: breathe noxious fumes, unfitting armour, poison resistance, cold-blooded, AC
+8
a: Breathe Noxious Fumes, Berserk, Trog's Hand, Brothers in Arms, Renounce
Religion


You were on level 13 of the Dungeon.
You worshipped Trog.
Trog was greatly pleased with you.
You were not hungry.

You visited 1 branch of the dungeon, and saw 13 of its levels.

You collected 842 gold pieces.

Inventory:

Hand Weapons
 F - a +1 broad axe of flaming (weapon)
 J - a +1 spear of venom
Missiles
 p - 3 throwing nets
 B - 4 curare-tipped darts
 E - 2 boomerangs (quivered)
 G - 33 poisoned darts
Armour
 h - a +0 shield (worn)
 q - a scarf of spirit shield (worn)
 s - a +0 pair of boots (worn)
 Q - the +0 pair of gloves of Amelioration (worn) {rElec Stlth+}
   (You found it on level 9 of the Dungeon)

   It insulates you from electricity.
   It makes you more stealthy.
Jewellery
 a - an uncursed ring of ice
 b - a +5 amulet of reflection (around neck)
 l - an uncursed ring of resist corrosion
 o - an uncursed ring of see invisible
 A - a +6 ring of slaying (right hand)
 N - the ring "Erghum" (left hand) {*Corrode MR++ Str+6 Dex+3}
   (You found it on level 7 of the Dungeon)

   [ring of strength]

   It affects your strength (+6).
   It affects your dexterity (+3).
   It affects your resistance to hostile enchantments.
   It may corrode you when you take damage.
 O - an uncursed ring of protection from magic
Wands
 y - a wand of digging (4)
 I - a wand of paralysis (19)
 M - a wand of acid (8)
Scrolls
 d - 4 scrolls of immolation {unknown}
 e - 10 scrolls of remove curse
 g - 7 scrolls of teleportation {unknown}
 j - a scroll of fear {unknown}
 w - 3 scrolls of enchant weapon {unknown}
 C - 3 scrolls of amnesia {unknown}
 D - 4 scrolls of fog {unknown}
 H - 2 scrolls of magic mapping {unknown}
 K - a scroll of noise {unknown}
 P - a scroll of random uselessness {unknown}
 R - 2 scrolls of brand weapon {unknown}
Potions
 c - 3 potions of berserk rage
 f - 6 potions of haste
 i - a potion of flight
 k - 5 potions of curing
 m - 3 potions of magic
 n - a potion of ambrosia
 t - 2 potions of resistance
 v - a potion of brilliance
 x - 2 potions of agility
 z - a potion of heal wounds
 S - a potion of might {unknown}
 T - a potion of mutation {unknown}
 W - a potion of cancellation {unknown}
Comestibles
 u - 32 rations
 U - 3 chunks of flesh


   Skills:
 + Level 8.6 Fighting
 + Level 12.4 Axes
 + Level 4.6 Throwing
 * Level 8.9 Dodging
 * Level 9.3 Shields


You had 11 spell levels left.
You didn't know any spells.
Your spell library was empty.

Dungeon Overview and Level Annotations

Branches:
Dungeon (13/15)            Temple (0/1) D:4            Lair (0/6) D:8
    Orc (0/2) D:9
 Vaults: D:13-14

Altars:
Cheibriados
Elyvilon
Nemelex Xobeh
Okawaru
Vehumet
Xom
Yredelemnul
Zin
The Shining One

Shops:
D:7 (

Annotations:
D:7 2 runed translucent doors, exclusion: orange crystal statue


Innate Abilities, Weirdness & Mutations

You can breathe blasts of noxious fumes.
Your lurid green scales are hard. (AC +8)
You cannot fit into any form of body armour.
Your system is resistant to poisons. (rPois)
You are cold-blooded and may be slowed by cold attacks.


Message History

The five-headed hydra bites you!
Your corrosive artefact corrodes you!
The five-headed hydra bites you!
The five-headed hydra closely misses you.
The ice beast hits you. The ice beast freezes you!
* * * LOW HITPOINT WARNING * * *
Okay, then.
Okay, then.
You fade into invisibility!
You block the five-headed hydra's attack. x2
The five-headed hydra closely misses you.
The five-headed hydra completely misses you.
The five-headed hydra bites you!
* * * LOW HITPOINT WARNING * * *
The yaktaur hits you!
* * * LOW HITPOINT WARNING * * *
The ice beast barely misses you.
You are very lightly contaminated with residual magic.
The ice beast misses you. The five-headed hydra bites you!
You die...

######### #........#
#........# #########
#........# #.......#
#.....$..# #.......#
#####........# #.......#
#...'cY......#
#.......###.###D.......+
#.......'...# #.@......#
#...รท...#####
#.......[# #...))).#
#####+#### ######'## #.#
#.#### #....# ####.#
######'##


You could see a five-headed hydra, a yaktaur shaped shifter and an ice beast.

Vanquished Creatures
  A hydra (D:12)
  2 two-headed ogres
  3 skeletal warriors (D:13)
  An ugly thing (D:11)
  An orc knight (D:12)
  A manticore (D:12)
  3 cyclopes (D:12)
  A centaur zombie (D:11)
  A komodo dragon (D:12)
  4 trolls
  2 tengu conjurers (D:13)
  3 hippogriffs
  A shadow (D:12)
  3 wyverns
  4 yaks
  Grum (D:8)
  4 wargs
  A water moccasin (D:6)
  2 porcupines (D:8)
  2 soldier ants (D:10)
  Duvessa (D:7)
  4 orc warriors
  A necrophage (D:12)
  5 black bears
  2 eyes of draining
  4 sky beasts
  2 ice beasts
  4 ogres
  3 wolves (D:8)
  3 centaurs
  2 crocodiles
  17 bullfrogs
  A big kobold (D:10)
  A gnoll sergeant (D:10)
  A wyvern zombie (D:12)
  2 scorpions
  Dowan (D:7)
  A water moccasin skeleton (D:9)
  A killer bee (D:9)
  7 wights
  A howler monkey (D:10)
  6 crimson imps
  A bullfrog zombie (D:5)
  A hound (D:9)
  4 orc priests
  4 jellies
  11 orc wizards
  3 bullfrog skeletons
  A centaur skeleton (D:4)
  3 iguanas
  2 worker ants
  3 worker ant zombies
  14 adders
  9 gnolls
  4 shadow imps
  5 oozes (D:8)
  An adder skeleton (D:8)
  2 worms
  3 dart slugs
  9 leopard geckos
  21 orcs
  A ball python (D:4)
  4 giant cockroaches
  6 goblins
  5 hobgoblins
  12 jackals
  13 kobolds
  A quokka (D:8)
  14 bats
  5 frilled lizards
  A jackal zombie (D:5)
  A leopard gecko skeleton (D:5)
  5 rats
  A fungus (D:8)
281 creatures vanquished.

Vanquished Creatures (others)
  A sky beast (D:12)
  15 fungi (D:8)
16 creatures vanquished.

Grand Total: 297 creatures vanquished

Notes
Turn   | Place    | Note
-------+----------+-------------------------------------------
     0 | D:1      | worrywart the Draconian Berserker began the quest for the
                  | Orb.
     0 | D:1      | Reached XP level 1. HP: 19/19 MP: 1/1
   133 | D:1      | Reached XP level 2. HP: 24/26 MP: 2/2
   741 | D:1      | Reached XP level 3. HP: 27/33 MP: 3/3
   908 | D:1      | Reached ** piety under Trog
  1283 | D:2      | Reached XP level 4. HP: 40/40 MP: 4/4
  1434 | D:2      | Reached skill level 4 in Axes
  1932 | D:2      | Reached skill level 1 in Shields
  2245 | D:3      | Found a faded altar of an unknown god.
  2426 | D:3      | Reached XP level 5. HP: 47/47 MP: 2/5
  2522 | D:3      | Found a sparkling altar of Nemelex Xobeh.
  2727 | D:3      | Reached XP level 6. HP: 53/53 MP: 4/6
  2781 | D:3      | Reached *** piety under Trog
  2981 | D:4      | Reached skill level 5 in Axes
  3001 | D:4      | Found a shimmering altar of Xom.
  3002 | D:4      | Found a glowing golden altar of the Shining One.
  3004 | D:4      | Found a radiant altar of Vehumet.
  3273 | D:4      | Found a staircase to the Ecumenical Temple.
  3324 | D:4      | Reached skill level 5 in Fighting
  3650 | D:4      | Found a snail-covered altar of Cheibriados.
  3736 | D:4      | Your scales start taking on a lurid green colour.
  3736 | D:4      | Reached XP level 7. HP: 46/61 MP: 4/7
  3736 | D:4      | Gained mutation: Your system is resistant to poisons.
                  | (rPois) [Green Draconian growth]
  4035 | D:5      | Entered Level 5 of the Dungeon
  4445 | D:5      | Reached skill level 6 in Axes
  5326 | D:6      | Reached XP level 8. HP: 70/70 MP: 6/8
  5330 | D:6      | Reached skill level 1 in Throwing
  5419 | D:6      | Reached skill level 7 in Axes
  5462 | D:6      | Found a glowing silver altar of Zin.
  5463 | D:6      | Found an iron altar of Okawaru.
  5851 | D:7      | Noticed Dowan
  5853 | D:7      | Noticed Duvessa
  5860 | D:7      | Killed Dowan
  5867 | D:7      | Killed Duvessa
  5878 | D:7      | Found a runed translucent door.
  5879 | D:7      | Noticed an orange crystal statue
  5880 | D:7      | Found the +10 large shield of Ignorance {rN+ Int-4}
  5900 | D:7      | Found a runed translucent door.
  5959 | D:7      | Found Belab's Weapon Shoppe.
  5996 | D:7      | Reached skill level 5 in Dodging
  6381 | D:7      | Reached skill level 8 in Axes
  6409 | D:7      | Got a scintillating iron ring
  6620 | D:8      | Reached **** piety under Trog
  6626 | D:8      | Identified the ring "Erghum" {*Corrode MR++ Str+6 Dex+3}
                  | (You found it on level 7 of the Dungeon)
  6737 | D:8      | Reached XP level 9. HP: 66/75 MP: 9/9
  6958 | D:8      | Found a staircase to the Lair.
  6980 | D:8      | Reached skill level 9 in Axes
  7336 | D:8      | Reached skill level 5 in Shields
  7765 | D:8      | Noticed Grum
  7778 | D:8      | Killed Grum
  7844 | D:8      | Reached XP level 10. HP: 84/84 MP: 10/10
  8463 | D:9      | Got a pair of fine gloves
  8469 | D:9      | Identified the +0 pair of gloves of Amelioration {rElec
                  | Stlth+} (You found it on level 9 of the Dungeon)
  8494 | D:9      | Reached ***** piety under Trog
  8494 | D:9      | Received a gift from Trog
  8641 | D:9      | Reached skill level 10 in Axes
  8736 | D:9      | Found a basalt altar of Yredelemnul.
  8800 | D:9      | Found a white marble altar of Elyvilon.
  8848 | D:9      | Found a staircase to the Orcish Mines.
  9294 | D:10     | Entered Level 10 of the Dungeon
  9948 | D:11     | Noticed a cyan ugly thing
  9963 | D:11     | Killed a cyan ugly thing
  9973 | D:11     | Received a gift from Trog
 10565 | D:11     | Reached XP level 11. HP: 74/93 MP: 7/11
 10665 | D:11     | Noticed a two-headed ogre
 10673 | D:11     | Killed a two-headed ogre
 10673 | D:11     | Reached skill level 11 in Axes
 10976 | D:12     | Noticed a five-headed hydra
 10986 | D:12     | Killed a one-headed hydra
 11261 | D:12     | Noticed a two-headed ogre
 11275 | D:12     | Killed a two-headed ogre
 11400 | D:12     | Noticed an orc knight
 11441 | D:12     | Killed an orc knight
 11451 | D:12     | Reached skill level 12 in Axes
 12248 | D:13     | Noticed a skeletal warrior
 12248 | D:13     | Noticed a skeletal warrior
 12251 | D:13     | Noticed a skeletal warrior
 12254 | D:13     | Killed a skeletal warrior
 12256 | D:13     | Killed a skeletal warrior
 12256 | D:13     | Reached XP level 12. HP: 103/103 MP: 9/12
 12288 | D:13     | Noticed an eight-headed hydra
 12295 | D:13     | HP: 3/103 [yaktaur (shapeshifter) (7)]
 12297 | D:13     | Slain by a five-headed hydra

Levels and vault maps discovered:
D:1:      dpeg_arrival_simpleton_c, layout_basic
D:2:      layout_basic, chequers_arboretum
D:3:      layout_basic, lemuel_round_altar, chequers_ecumenical_altar_grove,
          kennysheep_generic_room_7
D:4:      layout_cave_pools, grunt_temple_overflow_open, temple_hall
D:5:      layout_gridville, first_ration
D:6:      layout_cave_pods, nicolae_overflow_hidden_temple
D:7:      layout_loops_ring, serial_shops, shop,
          chequers_guarded_unrand_ignorance, uniq_duvessa
D:8:      layout_loops_corners, due_lair_maze_entry_diamond,
          hangedman_little_slice_of_home, nicolae_straight_to_the_point,
          uniq_grum
D:9:      minmay_four_partial_circles, layout_basic, kennysheep_ying_yang,
          minmay_orc_entry_guard_dogs
D:10:     layout_long_grid
D:11:     layout_loops_ring, palyth_stone_intersect
D:12:     layout_long_grid
D:13:     layout_roguey, skrybe_vaults_entry_preservation,
          onia_ninara_dug_in_and_dangerous

Skill      XL: |  1  2  3  4  5  6  7  8  9 10 11 |
---------------+----------------------------------+-----
Dodging        | 3 4 5 6 7 8 |  8.9
Fighting       | 4 5 6 7 8 |  8.6
Axes           | 4 5 6 8 9 10 12 | 12.4
Shields        | 1 2 3 4 5 7 9 |  9.3
Throwing       | 3 4 |  4.6

Action                   |  1- 3 |  4- 6 |  7- 9 | 10-12 || total
-------------------------+-------+-------+-------+-------++-------
Melee: Hand axe          |    65 |   219 |   241 |    70 ||   595
       Tailslap          |     8 |    26 |    51 |    46 ||   131
       War axe           |       |       |       |    90 ||    90
       Broad axe         |       |       |       |   115 ||   115
Throw: Boomerang         |       |       |    38 |    25 ||    63
Invok: Berserk           |     2 |     4 |     5 |     4 ||    15
       Trog's Hand       |       |       |     1 |     3 ||     4
 Abil: Breathe Noxious F |       |       |     3 |     7 ||    10
Evoke: Wand              |       |       |       |     1 ||     1
  Use: Scroll            |       |       |       |    13 ||    13
       Potion            |       |       |       |     1 ||     1
 Stab: Sleeping          |     2 |     1 |       |     3 ||     6
       Confused          |       |       |     4 |     5 ||     9
       Distracted        |       |       |       |     1 ||     1
  Eat: Chunk             |     2 |    13 |    15 |    21 ||    51
       Ration            |       |       |     1 |       ||     1
Armor: Skin              |    22 |    48 |    44 |    44 ||   158
Dodge: Dodged            |    47 |    98 |    91 |   131 ||   367
Block: Shield            |    22 |    86 |   104 |   201 ||   413
       Reflection        |       |       |       |    10 ||    10

Table legend:
 A = Non-vault XP
 B = Vault XP
 C = Vault XP percentage of total XP
 D = Non-vault monster count
 E = Vault monster count
 F = Vault count percentage of total count
                 A         B        C        D         E       F
            +---------+---------+-------+---------+---------+-------
      Total |   20070 |    3415 |  14.5 |     240 |      40 |  14.3
            +---------+---------+-------+---------+---------+-------
        D:1 |      79 |       0 |   0.0 |      24 |       0 |   0.0
        D:2 |      95 |       0 |   0.0 |      21 |       0 |   0.0
        D:3 |     233 |       1 |   0.4 |      26 |       1 |   3.7
        D:4 |     341 |       0 |   0.0 |      14 |       0 |   0.0
        D:5 |     321 |       0 |   0.0 |      14 |       0 |   0.0
        D:6 |     690 |       0 |   0.0 |      12 |       0 |   0.0
        D:7 |     563 |     190 |  25.2 |      12 |       2 |  14.3
        D:8 |    1341 |    1955 |  59.3 |      20 |      22 |  52.4
        D:9 |     772 |    1269 |  62.2 |      16 |      15 |  48.4
       D:10 |    1485 |       0 |   0.0 |      28 |       0 |   0.0
       D:11 |    2855 |       0 |   0.0 |      11 |       0 |   0.0
       D:12 |    8377 |       0 |   0.0 |      37 |       0 |   0.0
       D:13 |    2918 |       0 |   0.0 |       5 |       0 |   0.0
            +---------+---------+-------+---------+---------+-------
